 Dungeon Crawl Stone Soup version 0.31-a0-819-gf6de2f5ab6 (webtiles) character file.

Game seed: 15184592013910013646

142 qw the Shooter (level 5, -7/32 HPs)
             Began as a Gargoyle Hunter on Sept 23, 2023.
             Was an Initiate of Okawaru.
             Mangled by an ogre
             ... wielding a +0 giant club
              (26 damage)
             ... on level 4 of the Dungeon.
             The game lasted 00:00:52 (2116 turns).

qw the Shooter (Gargoyle Hunter)                    Turns: 2116, Time: 00:00:53

Health: -7/32      AC:  9    Str: 14    XL:     5   Next: 25%
Magic:  5/5        EV: 10    Int: 10    God:    Okawaru [......]
Gold:   136        SH:  0    Dex: 15    Spells: 4/4 levels left

rFire   . . .        g - +0 shortbow (heavy)
rCold   . . .        (shield currently unavailable)
rNeg    + . .        i - +0 ring mail
rPois   inf          (no helmet)
rElec   +            (no cloak)
rCorr   .            (no gloves)
SInv    .            (no boots)
Will    .....        (no amulet)
Stlth   +            (no ring)
HPRegen 0.25/turn    (no ring)
MPRegen 0.09/turn

%: no passive effects
@: no status effects
A: sickness immunity, AC +4, negative energy resistance 1, electricity
resistance, torment resistance 1, petrification resistance
a: Renounce Religion


You were on level 4 of the Dungeon.
You worshipped Okawaru.
Okawaru was noncommittal.
You visited 1 branch of the dungeon, and saw 4 of its levels.

You collected 136 gold pieces.


Innate Abilities, Weirdness & Mutations

You are immune to sickness and miasma.
Your stone body is resilient. (AC +4)
You are immune to poison.
You resist negative energy. (rN+)
You are resistant to electric shocks. (rElec)
You are resistant to unholy torment.
You are immune to petrification.


   Skills:
 - Level 3.0 Fighting
 + Level 5.9 Ranged Weapons
 - Level 1.0 Armour
 - Level 1.5 Dodging
 - Level 1.1 Stealth


You had 4 spell levels left.
You didn't know any spells.
Your spell library was empty.

Inventory:

Hand Weapons
 g - a +0 heavy shortbow (weapon)
Armour
 i - a +0 ring mail (worn)
 l - a +0 cloak
Jewellery
 n - a +6 ring of strength
Potions
 a - a potion of mutation {unknown}
 b - a potion of haste {unknown}
 c - a potion of brilliance {unknown}
 d - a potion of curing
 e - a potion of berserk rage {unknown}
 f - a potion of resistance
 h - 2 potions of enlightenment
 j - a potion of might {unknown}
 k - a potion of heal wounds
 m - a potion of attraction {unknown}

Dungeon Overview and Level Annotations

Branches:
Dungeon (4/15)             Temple (0/1) D:4

Altars:
Okawaru
Uskayaw

Annotations:
D:3 exclusion: 3 iron imps


Message History

A goblin comes into view. It is wielding a +0 club.
The goblin shouts!
You shoot an arrow. The arrow barely misses the goblin.
A hobgoblin comes into view.
You shoot an arrow. The hobgoblin shouts!
The arrow hits the goblin!
You kill the goblin!
Okawaru accepts your kill.
You shoot an arrow. The arrow hits the hobgoblin!
You kill the hobgoblin!
Okawaru accepts your kill.
n - a +6 ring of strength
Found a staircase to the Ecumenical Temple.
Found a stone staircase leading up.
Enter note: A giant cockroach and an ogre come into view.
You shoot an arrow.
The arrow hits the giant cockroach but does no damage.
The ogre shouts!
The giant cockroach bites you but does no damage.
You shoot an arrow.
The arrow barely misses the giant cockroach.
The giant cockroach closely misses you. x2
The giant cockroach bites you but does no damage.
You shoot an arrow. The arrow hits the giant cockroach!
You kill the giant cockroach!
Okawaru accepts your kill.
You shoot an arrow. The arrow hits the ogre.
The ogre is lightly wounded.
The ogre misses you.
You shoot an arrow.
The arrow hits the ogre but does no damage.
The ogre is lightly wounded.
The ogre hits you with a +0 giant club!
You shoot an arrow. The arrow hits the ogre!
The ogre is heavily wounded.
The ogre hits you with a +0 giant club!!
Ouch! That really hurt!
You die...

. ##....7P..###
##..P......#
#...#####.#
......## #.#
.###### #.# . #.#
... #.#
.....###########.#
#..O@.........#
#..##..########
.<.. #8>8# ####
#####


You could see an ogre.

Vanquished Creatures
  A gnoll (D:1)
  6 adders
  A worm (D:2)
  2 dart slugs
  7 ball pythons
  2 bats
  9 endoplasms
  3 giant cockroaches
  10 goblins
  3 hobgoblins
  7 jackals
  5 kobolds
  A quokka (D:1)
  6 frilled lizards
  5 rats
68 creatures vanquished.

Notes
Turn   | Place    | Note
-------+----------+-------------------------------------------
     0 | D:1      | qw the Gargoyle Hunter began the quest for the Orb.
     0 | D:1      | Reached XP level 1. HP: 12/12 MP: 1/1
     0 | D:1      | 0 ||| qw: Version: 0.3-a-83-gcd0e7d8
     0 | D:1      | 0 ||| qw: Game counter: 1662
     0 | D:1      | 0 ||| qw: Melee chars always use a shield: true
     0 | D:1      | 0 ||| qw: God list: Okawaru
     0 | D:1      | 0 ||| qw: Allow faded altars: false
     0 | D:1      | 0 ||| qw: Do Orc after clearing Dungeon:15 true
     0 | D:1      | 0 ||| qw: Do second Lair branch before Depths: true
     0 | D:1      | 0 ||| qw: Lair rune preference: random
     0 | D:1      | 0 ||| qw: Goals: Normal
     0 | D:1      | 0 ||| PLANNING D:1-11
    57 | D:1      | Reached XP level 2. HP: 9/17 MP: 2/2
   141 | D:1      | Found a faded altar of an unknown god.
   258 | D:1      | Reached XP level 3. HP: 19/21 MP: 3/3
   301 | D:1      | Reached skill level 5 in Ranged Weapons
   695 | D:1      | 695 ||| UPGRADING to +0 ring mail.
   705 | D:1      | 705 ||| DROPPING +0 leather armour.
   706 | D:1      | 706 ||| READING scroll labelled EMEBAYW ZINNO.
   707 | D:1      | 707 ||| READING scroll labelled BORPHAT VUO.
   708 | D:1      | 708 ||| READING scroll labelled LAMMIP JIADD.
   709 | D:1      | 709 ||| DROPPING scroll of butterflies.
   760 | D:2      | Reached skill level 1 in Armour
   807 | D:2      | Reached XP level 4. HP: 27/27 MP: 4/4
  1033 | D:2      | Reached skill level 3 in Fighting
  1253 | D:2      | 1253 ||| READING scroll labelled UTEDE GYJYHEKHLAMY.
  1254 | D:2      | 1254 ||| READING scroll labelled HANOSU COUGUSS.
  1259 | D:2      | 1259 ||| READING scroll labelled BYFIUT EGEGYDY.
  1260 | D:2      | 1260 ||| READING scroll labelled GITOP SABEAZUG.
  1261 | D:2      | 1261 ||| DRINKING 2 green potions.
  1262 | D:2      | 1262 ||| DRINKING 3 bubbling black potions.
  1275 | D:3      | 1275 ||| STAIRDANCE
  1402 | D:3      | 1402 ||| DRINKING 2 bubbling silvery potions.
  1616 | D:3      | Found an iron altar of Okawaru.
  1617 | D:3      | 1617 ||| PLANNING OKAWARU WORSHIP
  1617 | D:3      | 1617 ||| DRINKING 2 grey potions.
  1621 | D:3      | Became a worshipper of Warmaster Okawaru
  1622 | D:3      | 1622 ||| PLANNING D:1-11
  1689 | D:3      | Reached XP level 5. HP: 32/32 MP: 5/5
  1731 | D:3      | Found a hide-covered altar of Uskayaw.
  2106 | D:4      | Found a staircase to the Ecumenical Temple.
  2110 | D:4      | Noticed an ogre
  2116 | D:4      | Mangled by an ogre

Levels and vault maps discovered:
D:1:      dpeg_arrival_erosion, layout_basic, shapermc_ecumenical_altar_ellora,
          st_stairs_10
D:2:      layout_basic
D:3:      layout_basic, mainiacjoe_overflow_six_doors_small, demons_altar,
          mainiacjoe_overflow_paths
D:4:      layout_loops_ring, temple_statues, serial_forest,
          infiniplex_forest_clump_C, infiniplex_forest_straight_4,
          infiniplex_forest_straight_2, infiniplex_forest_clump_double,
          infiniplex_forest_lined_corner, infiniplex_forest_clump_tiny,
          infiniplex_forest_clump_medium

Skill      XL: |  1  2  3  4 |
---------------+-------------+-----
Ranged Weapons | 5 |  5.9
Armour         | 1 |  1.0
Fighting       | 3 |  3.0
Dodging        | |  1.5
Stealth        | |  1.1

Action                     |  1- 3 |  4- 6 || total
---------------------------+-------+-------++-------
   Fire: Shortbow          |    86 |    90 ||   176
    Use: Scroll            |     3 |     4 ||     7
         Potion            |       |     4 ||     4
 Armour: Leather armour    |    12 |       ||    12
         Ring mail         |     1 |    41 ||    42
  Dodge: Dodged            |    21 |    35 ||    56

Table legend:
 A = Non-vault XP
 B = Vault XP
 C = Vault XP percentage of total XP
 D = Non-vault monster count
 E = Vault monster count
 F = Vault count percentage of total count
                 A         B        C        D         E       F
            +---------+---------+-------+---------+---------+-------
      Total |     198 |       6 |   2.9 |      65 |       3 |   4.4
            +---------+---------+-------+---------+---------+-------
        D:1 |      53 |       6 |  10.2 |      23 |       3 |  11.5
        D:2 |      54 |       0 |   0.0 |      17 |       0 |   0.0
        D:3 |      52 |       0 |   0.0 |      17 |       0 |   0.0
        D:4 |      39 |       0 |   0.0 |       8 |       0 |   0.0
            +---------+---------+-------+---------+---------+-------
